 Dungeon Crawl Stone Soup version 0.31-a0-1522-g43313d8a59 (webtiles) character file.

Game seed: 7496833185522068687

208 whatisthis the Trooper (level 5, -1/48 HPs)
             Began as a Ghoul Monk on Dec 30, 2023.
             Killed by divine providence
             ... invoked by an orc priest
              (13 damage)
             ... on level 4 of the Dungeon.
             The game lasted 00:06:48 (2876 turns).

whatisthis the Trooper (Ghoul Monk)                 Turns: 2876, Time: 00:06:49

Health: -1/48      AC: 12    Str: 22    XL:     5   Next: 86%
Magic:  5/5        EV:  9    Int:  9    God:
Gold:   191        SH:  0    Dex: 11    Spells: 4/4 levels left

rFire   . . .        a - +0 mace
rCold   + . .        d - orb {light}
rNeg    + + +        f - +2 chain mail "Lum Kei" {Str+5 SInv}
rPois   ∞            t - +0 helmet
rElec   .            (no cloak)
rCorr   .            p - +0 pair of gloves
SInv    +            (no boots)
Will    .....        (no amulet) Stlth
                     (no ring)
HPRegen 0.00/turn    (no ring)
MPRegen 0.09/turn

%: no passive effects
@: inhibited regen, glowing
A: claws 1, cold resistance 1, negative energy resistance 3, inhibited
regeneration, torment resistance 2, devour on kill
a: no special abilities


You were on level 4 of the Dungeon.
You visited 1 branch of the dungeon, and saw 4 of its levels.

You collected 191 gold pieces.

Inventory:

Hand Weapons
 a - a +0 mace (weapon)
 m - a +0 flail
 r - a +1 dagger of venom
Missiles
 e - 30 stones (quivered)
 g - 3 boomerangs
Armour
 d - an orb of light (worn)
 f - the +2 chain mail "Lum Kei" (worn) {Str+5 SInv}
   (You found it on level 2 of the Dungeon)

   Str+5:     It affects your strength (+5).
   SInv:      It lets you see invisible.
 p - a +0 pair of gloves (worn)
 t - a +0 helmet (worn)
Scrolls
 h - 2 scrolls of teleportation {unknown}
 i - 4 scrolls of identify {unknown}
 l - a scroll of amnesia {unknown}
 n - a scroll of vulnerability {unknown}
 o - a scroll of enchant weapon {unknown}
 u - a scroll of immolation {unknown}
Potions
 b - a potion of attraction {unknown}
 c - a potion of ambrosia
 j - a potion of invisibility {unknown}
 k - 2 potions of lignification {unknown}
 q - 3 potions of heal wounds {unknown}
 s - a potion of might {unknown}


   Skills:
 + Level 5.4 Fighting
 + Level 4.5 Maces & Flails
 - Level 2.6 Dodging


You had 4 spell levels left.
You didn't know any spells.
Your spell library was empty.

Dungeon Overview and Level Annotations

Branches:
Dungeon (4/15)
 Temple: D:4-7

Altars:

Shops:
D:1 ?   D:3 (


Innate Abilities, Weirdness & Mutations

You are immune to poison.
You have sharp fingernails.
Your flesh is cold resistant. (rC+)
You are immune to negative energy. (rN+++)
You do not regenerate when monsters are visible.
You are immune to unholy pain and torment.
You thrive by killing the living.


Message History

The orc priest is lightly wounded.
The orc priest mumbles some strange prayers to Beogh against you.
Beogh smites you!
You hit the orc priest.
The orc priest is moderately wounded.
The orc hits you but does no damage. The orc priest barely misses you.
You barely miss the orc priest.
The orc priest is moderately wounded.
The orc priest barely misses you. The orc closely misses you.
You hit the orc priest but do no damage.
The orc priest is moderately wounded.
The orc priest misses you. The orc hits you with a +0 hand axe.
The orc priest hits you but does no damage.
The orc hits you but does no damage.
You hit the orc priest but do no damage.
The orc priest is moderately wounded.
The orc priest hits you but does no damage.
The orc hits you with a +0 hand axe.
* * * LOW HITPOINT WARNING * * *
You completely miss the orc priest.
The orc priest is moderately wounded.
The orc priest hits you with a +0 club.
* * * LOW HITPOINT WARNING * * *
The orc hits you but does no damage.
Okay, then.
Okay, then.
The orc priest attacks as it pursues you!
The orc priest closely misses you.
You hit the orc priest.
The orc priest is moderately wounded.
The orc priest hits you with a +0 club.
* * * LOW HITPOINT WARNING * * *
You sock the orc priest!
The orc priest is almost dead.
The orc priest barely misses you.
You hit the orc priest but do no damage.
The orc priest is almost dead.
The orc priest invokes the aid of Beogh against you.
Beogh smites you!
You die...

#...#.......# ...#.#
. #...S.##########
...#.##.
###.#..........+
..#....
#.#.#.########
..#..## #.#.#.#
########.#..#
#.#.#.##
#........#..#
###.#.o#
#........#.## #.##o#
#..........### #.##@#
#........#....
#.##.###........#####
#.##..##.............
##.###....##.....)
#....>#†#########
#####.#.# #.#.# #.#.#
#.#.#


You could see an orc priest and an orc.

Vanquished Creatures
  A bullfrog (D:4)
  An iguana (D:4)
  An orc wizard (D:4)
  Robin (D:3)
  3 adders
  5 orcs
  5 ball pythons
  3 endoplasms
  A giant cockroach (D:1)
  10 goblins
  10 hobgoblins
  A quokka (D:2)
  3 bats
  5 frilled lizards
  A kobold (D:1)
  3 rats (D:1)
54 creatures vanquished.

Notes
Turn   | Place    | Note
-------+----------+-------------------------------------------
     0 | D:1      | whatisthis the Ghoul Monk began the quest for the Orb.
     0 | D:1      | Reached XP level 1. HP: 19/19 MP: 1/1
   164 | D:1      | Reached XP level 2. HP: 22/26 MP: 2/2
   166 | D:1      | Found Adghime's Magic Scroll Shoppe.
  1027 | D:2      | Reached XP level 3. HP: 33/33 MP: 3/3
  1511 | D:2      | Reached skill level 4 in Fighting
  1516 | D:2      | Identified the +2 chain mail "Lum Kei" {Str+5 SInv}
  2123 | D:3      | Found Joyjuut's Weapon Emporium.
  2141 | D:3      | Noticed Robin
  2159 | D:3      | Killed Robin
  2160 | D:3      | Reached XP level 4. HP: 32/41 MP: 4/4
  2712 | D:4      | Noticed a bullfrog
  2730 | D:4      | Killed a bullfrog
  2731 | D:4      | Reached skill level 5 in Fighting
  2731 | D:4      | Reached XP level 5. HP: 41/48 MP: 5/5
  2876 | D:4      | Killed from afar by an orc priest

Illustrated notes

Levels and vault maps discovered:
D:1:      kennysheep_arrival_seaside, layout_basic, serial_shops,
          nicolae_square_shop, st_stairs_7, minmay_unequal
D:2:      layout_basic, minmay_tromino_i2
D:3:      layout_basic, serial_shops, nicolae_shop_tiny_statue_garden,
          uniq_robin
D:4:      layout_basic, lemuel_tele_altar, mainiacjoe_overflow_paths,
          nicolae_ru_awakened_eye, gammafunk_ghost_cemetery, roderic_batcave

Skill      XL: |  1  2  3  4 |
---------------+-------------+-----
Maces & Flails | 3 4 |  4.5
Fighting       | 4 5 |  5.4
Dodging        | |  2.6

Action                     |  1- 3 |  4- 6 || total
---------------------------+-------+-------++-------
  Melee: Mace              |   108 |    47 ||   155
  Throw: Stone             |       |     2 ||     2
 Armour: Robe              |    21 |       ||    21
         Ring mail         |    24 |       ||    24
         Chain mail        |    38 |    40 ||    78
  Dodge: Dodged            |    70 |    24 ||    94

Table legend: (Time is in decaauts)
 A = Elapsed time spent in this place.
 B = Non-inter-level travel time spent in this place.
 C = Inter-level travel time spent in this place.
 D = Time resting spent in this place.
 E = Time spent auto-exploring this place.
 F = Levels seen in this place.
 G = Mean time per level.
                   A        B        C        D        E       F      G
               +--------+--------+--------+--------+--------+-----+--------+
         Total |   2917 |   2789 |    128 |    105 |   2032 |   4 |  729.2 |
       Dungeon |   2917 |   2789 |    128 |    105 |   2032 |   4 |  729.2 |
               +--------+--------+--------+--------+--------+-----+--------+

Top non-repeatable levels by time:
     D:1: 921 daAuts
     D:2: 909 daAuts
     D:3: 872 daAuts
     D:4: 213 daAuts
